 Dungeon Sprint DCSS version 0.30-a0-845-g7c6808c8ce (webtiles) character file.

Game seed: 10934983236815689755

6988 NinjaNoafa the Warrior (level 11, -8/237 HPs)
             Began as an Ogre Transmuter on Mar 2, 2023.
             Was the Champion of Wu Jian.
             Mangled by a vault guard
             ... wielding a +3 halberd
              (16 damage)
             ... in the Dungeon (Sprint V: "Ziggurat Sprint").
             The game lasted 00:09:44 (1397 turns).

NinjaNoafa the Warrior (Ogre Transmuter)            Turns: 1397, Time: 00:09:44

Health: -8/237     AC: 11    Str: 16    XL:     11   Next: 8%
Magic:  0/29       EV: 22    Int: 30    God:    Wu Jian [******]
Gold:   0          SH:  8    Dex: 13    Spells: 13/22 levels left

rFire   x . .      SeeInvis .      - Unarmed
rCold   + + +      Faith    .    (shield currently unavailable)
rNeg    . . .      Spirit   +    I - melded +0 steam dragon scales
rPois   +          Reflect  .    (helmet currently unavailable)
rElec   .          Rampage  .    (cloak currently unavailable)
rCorr   .          NoTele   +    (gloves unavailable)
Will    +....                    (boots unavailable) Stlth
                                 K - brooch of Shielding {Spirit SH+8}
HPRegen 0.59/turn                u - +6 ring of intelligence
MPRegen 0.21/turn                G - ring "Vyzeut" {MP+9 Int+6 Dex+4 Stlth-}

@: mighty, berserking, ice-form, wereblooded, in a heavenly storm, glowing, very
quick
A: freezing attack, amphibious, boosted hp, large, unfitting armour, (tough skin
1)
a: End Transformation, Renounce Religion, Wall Jump, Serpent's Lash, Heavenly
Storm


You were in the Dungeon.
You worshipped Wu Jian.
Wu Jian was exalted by your worship.
You were a creature of crystalline ice.
You visited 1 branch

Inventory:

Armour
 a - a +0 robe
 I - +0 steam dragon scales (melded)
Jewellery
 r - a ring of flight
 s - a +6 ring of dexterity
 t - a +6 ring of dexterity
 u - a +6 ring of intelligence (left front paw)
 v - a +6 ring of intelligence
 w - a +6 ring of strength
 x - a +6 ring of strength
 F - the ring "Imuine" {rElec rPois Int-4 Stlth+}
   (You found it in the Dungeon)

   [ring of poison resistance]

   Int:       It affects your intelligence (-4).
   rElec:     It insulates you from electricity.
   rPois:     It protects you from poison.
   Stlth:     It makes you more stealthy.
 G - the ring "Vyzeut" (right front paw) {MP+9 Int+6 Dex+4 Stlth-}
   (You found it in the Dungeon)

   [ring of intelligence]

   Int:       It affects your intelligence (+6).
   Dex:       It affects your dexterity (+4).
   MP:        It affects your magic capacity (+9).
   Stlth:     It makes you less stealthy.
 H - a ring of flight
 J - the amulet of Voblecw {Acrobat Rampage +Blink Stlth-}
   (You found it in the Dungeon)

   [amulet of the acrobat]

   It increases your evasion while moving and waiting.
   +Blink:    It lets you blink.
   Rampage:   It bestows one free step when moving towards enemies.
   Stlth:     It makes you less stealthy.
 K - the brooch of Shielding (around neck) {Spirit SH+8}
   (You found it in the Dungeon)

   [amulet of guardian spirit]

   It causes incoming damage to be divided between your reserves of health and
   magic.
   SH:        It affects your SH (+8).
Wands
 z - a wand of mindburst (7)
 A - a wand of iceblast (4)
 B - a wand of light (7)
Scrolls
 h - a scroll of blinking
 n - 4 scrolls of amnesia
 o - 7 scrolls of fog
 p - 5 scrolls of identify
 C - a scroll of brand weapon
Potions
 b - a potion of lignification
 c - 7 potions of curing
 e - 5 potions of haste
 f - 7 potions of magic
 g - 2 potions of berserk rage
 i - 2 potions of brilliance
 j - a potion of invisibility
 k - 2 potions of resistance
 m - 4 potions of might
Miscellaneous
 l - a box of beasts (inert)
 y - a lightning rod (4/4)
 D - a piece from Xom's chessboard (15/15)
 E - a tin of tremorstones (2/2)


   Skills:
 - Level 15.0 Fighting
 - Level 8.8 Dodging
 - Level 12.1 Unarmed Combat
 - Level 6.0 Spellcasting
 - Level 4.0 Translocations
 + Level 10.3 Transmutations
 - Level 5.2 Ice Magic
 + Level 7.8 Air Magic
 - Level 6.0 Evocations


You had 13 spell levels left.
You knew the following spells:

 Your Spells              Type           Power      Damage    Failure   Level
a - Beastly Appendage     Tmut           100%       N/A       1%          1
b - Wereblood             Tmut           63%        N/A       1%          2
c - Ice Form              Ice/Tmut       54%        N/A       2%          4
d - Blink                 Tloc           66%        N/A       1%          2

Your spell library contained the following spells:

 Spells                   Type           Power      Damage    Failure   Level
 Spider Form              Tmut/Pois      40%        N/A       1%          3
 Cigotuvi's Dreadful Rot  Necr/Pois/Air  48%        N/A       2%          2
 Ignite Poison            Fire/Tmut/Pois 29%        N/A       3%          3
 Kindle Blastsparks       Fire/Tloc/Air  64%        2d15      3%          3
 Scorch                   Fire           18%        2d5       8%          2
 Manifold Assault         Tloc           33%        N/A       10%         4
 Inner Flame              Hex/Fire       9%         N/A       16%         3
 Freezing Cloud           Conj/Ice/Air   17%        6-21      24%         5
 Dispel Undead            Necr           9%         3d8       45%         4
 Flame Wave               Conj/Fire      9%         2d6       45%         4
 Sticky Flame             Conj/Fire      9%         2d3       45%         4
 Storm Form               Tmut/Air       29%        N/A       71%         7
 Conjure Ball Lightning   Conj/Air       16%        3x3d6     86%         6
 Death Channel            Necr           4%         N/A       100%        6
 Malign Gateway           Summ/Tloc      10%        N/A       100%        7
 Discord                  Hex            4%         N/A       100%        8
 Disjunction              Tloc           16%        N/A       100%        8
 Ignition                 Fire           4%         3d4       100%        8
 Summon Horrible Things   Summ           4%         N/A       100%        8


Dungeon Overview and Level Annotations

Branches:
Dungeon (1/1)

Altars:
Ashenzari
Cheibriados
Dithmenos
Elyvilon
Fedhas
Gozag
Hepliaklqana
Kikubaaqudgha
Makhleb
Nemelex Xobeh
Okawaru
Qazlal
Ru
Sif Muna
Trog
Uskayaw
Vehumet
Wu Jian
Xom
Yredelemnul
Zin
The Shining One
Jiyva
Lugonu

Annotations:
D 1 transporter


Innate Abilities, Weirdness & Mutations

You are a creature of crystalline ice.
You have a powerful freezing melee attack.
You are amphibious.
Your maximum health is increased.
Your armour is entirely melded.
You are incapable of wielding weapons or throwing items.
You are too large for most types of armour.
((You have tough skin. (AC +1)))


Message History

The floor.
This square is lit by a halo.
There is a cloud of golden dust here.
Blink to where?
Press: ? - help, Dir - move target
As you read the scroll of blinking, it crumbles to dust.
A red film seems to cover your vision as you go berserk!
You feel yourself moving faster!
You feel mighty!
You spin and attack the ironbound preserver.
You punch the ironbound preserver! You freeze the ironbound preserver.
The ironbound preserver is lightly wounded.
You see here a staff of poison.
You spin and attack the ironbound preserver.
You punch the ironbound preserver! You freeze the ironbound preserver.
The ironbound preserver is moderately wounded.
Okay, then.
You spin and attack the ironbound preserver.
You pummel the ironbound preserver!! You freeze the ironbound preserver.
The ironbound preserver is heavily wounded.
You howl as the wereblood boils in your veins!
The vault guard hits you from afar with a +3 halberd!
* * * LOW HITPOINT WARNING * * *
The ironbound preserver closely misses you.
You are too berserk!
Unknown command.
Aiming: Wall Jump
Press: ? - help, Dir - move target You repeatedly attack the ironbound preserver from above.
You pummel the ironbound preserver!! You freeze the ironbound preserver.
The ironbound preserver is severely wounded.
You punch the ironbound preserver! You freeze the ironbound preserver.
The ironbound preserver is almost dead.
You punch the ironbound preserver! You freeze the ironbound preserver.
You feel a bit better.
You kill the ironbound preserver!
The Council accepts your kill.
You howl as the wereblood boils in your veins!
The vault guard hits you from afar with a +3 halberd!
You die...

▓...))....▓.......▓
▓.........▓.......▓
▓...))....▓..†.†..▓
▓.▓.)...▓.▓..†....▓
▓....©....▓...©...▓
▓▓▓▓▓▓▓▓▓▓▓▓▓▓▓▓▓▓▓
▓§☼J8☼8○..▓
▓☼§§p☼○°§☼▓
▓§Y§p☼○☼§☼▓
▓§☼§§§§§○○▓
▓§§§§°§§○☼▓
▓....°☼p§c▓
▓.....pp§§▓
▓.▓....§▓c▓
▓....©..°§▓
▓▓▓▓▓▓▓▓▓▓▓


You could see an ironbound preserver, a vault guard and a slime creature.

Vanquished Creatures
  An ironbound preserver (D)
  A dancing weapon (D)
  A hell hog (D)
  A deep elf knight (D)
  2 deep elf zephyrmancers (D)
  2 deep elf pyromancers (D)
  An efreet (D)
  2 yaktaurs (D)
  A hornet (D)
  2 spriggans (D)
  Sigmund (D)
  2 steam dragons (D)
  4 fire elementals (D)
  An acid dragon (D)
  2 hell hounds (D)
  2 water moccasins (D)
  2 black bears (D)
  3 swamp drakes (D)
  2 wolves (D)
  Blork the orc (D)
  An earth elemental (D)
  2 orc priests (D)
  Jessica (D)
  2 orc wizards (D)
  2 adders (D)
  2 ball pythons (D)
44 creatures vanquished.

Vanquished Creatures (collateral kills)
  A hell hound (D)
  A white imp (D)
  A ball python zombie (D)
  A quokka skeleton (D)
4 creatures vanquished.

Vanquished Creatures (others)
  A fire vortex (D)
1 creature vanquished.

Grand Total: 49 creatures vanquished

Notes
Turn   | Place    | Note
-------+----------+-------------------------------------------
     0 | D        | NinjaNoafa the Ogre Transmuter began the quest for the Orb.
     0 | D        | Reached XP level 1. HP: 19/19 MP: 3/3
     0 | D        | Found a shimmering blue altar of Sif Muna.
     0 | D        | Found a bloodstained altar of Trog.
     0 | D        | Found a sacrificial altar of Ru.
     0 | D        | Found a stormy altar of Qazlal.
     0 | D        | Found an iron altar of Okawaru.
     1 | D        | Found a sparkling altar of Nemelex Xobeh.
     1 | D        | Found the +6 Majin-Bo {spellvamp, MP+6 Int+6}
     1 | D        | Found the +27 heavy crossbow "Sniper" {heavy, Acc+∞ SInv}
     1 | D        | Found the +10 dark maul {heavy}
     1 | D        | Found the +15 Maxwell's patent armour {-Cast -Tele rElec
                  | Will+ rCorr}
     1 | D        | Found the +18 shield of the Gong {Loud rN+ Will+ rCorr
                  | EV-5}
     1 | D        | Found the +16 obsidian axe {drain, demonic, Mesm Drain Fly
                  | SInv}
     1 | D        | Found the +7 great mace "Firestarter" {flame, inner flame,
                  | rFlCloud rF++}
     1 | D        | Found the +6 shillelagh "Devastator" {shatter}
     1 | D        | Found the +11 plutonium sword {Contam Stlth-}
     1 | D        | Found the +8 lance "Wyrmbane" {slay drac, rPois rF+ rC+
                  | AC+3}
     1 | D        | Found the +9 sword of Zonguldrok {reap}
     1 | D        | Found the +13 scythe of Curses {drain, curses, Drain}
     1 | D        | Found the +9 sword of Power {lifebolt}
     1 | D        | Found the +7 mace of Variability {chaos, chain chaos}
     1 | D        | Found the +11 Singing Sword {sonic wave}
     1 | D        | Found the +8 storm bow {elec, penet}
     2 | D        | Found a blossoming altar of Fedhas.
     4 | D        | Found a transporter.
     4 | D        | Found an ancient bone altar of Kikubaaqudgha.
     4 | D        | Found a viscous altar of Jiyva.
     4 | D        | Found a corrupted altar of Lugonu.
     4 | D        | Found a hazy altar of Hepliaklqana.
     4 | D        | Found a burning altar of Makhleb.
     4 | D        | Found an opulent altar of Gozag.
    22 | D        | Became a worshipper of the Wu Jian Council
    48 | D        | Reached skill level 6 in Fighting
    48 | D        | Reached skill level 5 in Unarmed Combat
    48 | D        | Reached XP level 2. HP: 37/37 MP: 5/5
    52 | D        | Learned a level 2 spell: Wereblood
    53 | D        | Entered arena 2.
    53 | D        | Noticed a water moccasin
    53 | D        | Found a transporter.
    71 | D        | Killed a water moccasin
    72 | D        | Reached skill level 8 in Fighting
    72 | D        | Reached XP level 3. HP: 32/48 MP: 3/8
    72 | D        | Reached XP level 4. HP: 38/57 MP: 3/10
   144 | D        | Learned a level 4 spell: Ice Form
   144 | D        | Entered arena 3.
   144 | D        | Noticed Sigmund
   144 | D        | Noticed Jessica
   144 | D        | Noticed Blork the orc
   144 | D        | Found a transporter.
   148 | D        | Killed Jessica
   148 | D        | Reached * piety under Wu Jian
   149 | D        | Reached XP level 5. HP: 46/66 MP: 4/11
   162 | D        | Killed Sigmund
   163 | D        | Reached skill level 9 in Fighting
   163 | D        | Reached skill level 5 in Spellcasting
   163 | D        | Reached XP level 6. HP: 63/76 MP: 6/14
   164 | D        | Killed Blork the orc
   278 | D        | Entered arena 4.
   278 | D        | Noticed a water moccasin
   278 | D        | Found a transporter.
   279 | D        | Reached ** piety under Wu Jian
   283 | D        | Killed a water moccasin
   284 | D        | Reached skill level 10 in Fighting
   284 | D        | Reached skill level 5 in Transmutations
   284 | D        | Reached XP level 7. HP: 85/85 MP: 9/16
   331 | D        | Entered arena 5.
   331 | D        | Found a transporter.
   343 | D        | Reached *** piety under Wu Jian
   344 | D        | Reached skill level 5 in Ice Magic
   457 | D        | Got the ring "Imuine" {rElec rPois Int-4 Stlth+}
   463 | D        | Entered arena 6.
   463 | D        | Found a transporter.
   468 | D        | Reached **** piety under Wu Jian
   469 | D        | Reached skill level 5 in Evocations
   475 | D        | Got the ring "Vyzeut" {MP+9 Int+6 Dex+4 Stlth-}
   647 | D        | Learned a level 2 spell: Blink
   650 | D        | Entered arena 7.
   650 | D        | Noticed a spriggan rider
   650 | D        | Noticed a spriggan
   652 | D        | Reached ***** piety under Wu Jian
   653 | D        | Reached XP level 8. HP: 93/93 MP: 17/17
   654 | D        | Reached skill level 1 in Air Magic
   654 | D        | Found a transporter.
   654 | D        | Killed a hornet
   655 | D        | Killed a spriggan
   656 | D        | Reached skill level 11 in Fighting
   662 | D        | Killed a spriggan
   669 | D        | Got the Volume of Phlogiston
   680 | D        | Entered arena 8.
   682 | D        | Found a transporter.
   687 | D        | Reached XP level 9. HP: 69/106 MP: 18/18
   689 | D        | Reached ****** piety under Wu Jian
   693 | D        | Reached skill level 12 in Fighting
   693 | D        | Reached skill level 5 in Dodging
   694 | D        | Reached skill level 10 in Unarmed Combat
   694 | D        | Reached skill level 5 in Air Magic
   866 | D        | Got the amulet of Voblecw {Acrobat Rampage +Blink Stlth-}
   875 | D        | Entered arena 9.
   875 | D        | Found the brooch of Shielding {Spirit SH+8}
   875 | D        | Noticed an efreet
   875 | D        | Noticed a hell hog
   876 | D        | Found a transporter.
   883 | D        | HP: 3/127 [hell hog/fireball (54)]
   890 | D        | Killed a hell hog
   891 | D        | Reached skill level 13 in Fighting
   892 | D        | Reached XP level 10. HP: 53/120 MP: 19/19
   895 | D        | Reached skill level 14 in Fighting
  1109 | D        | Entered arena 10.
  1109 | D        | Noticed a deep elf pyromancer
  1109 | D        | Noticed a deep elf knight
  1109 | D        | Noticed a deep elf zephyrmancer
  1109 | D        | Noticed a deep elf pyromancer
  1109 | D        | Noticed a +0 antimagic flail
  1109 | D        | Noticed a deep elf zephyrmancer
  1111 | D        | Found a transporter.
  1117 | D        | Killed a deep elf pyromancer
  1121 | D        | Killed a deep elf knight
  1128 | D        | Killed a +0 antimagic flail
  1129 | D        | Reached skill level 15 in Fighting
  1133 | D        | Killed a deep elf zephyrmancer
  1136 | D        | Killed a deep elf zephyrmancer
  1137 | D        | Killed a deep elf pyromancer
  1138 | D        | Reached XP level 11. HP: 63/132 MP: 3/20
  1375 | D        | Entered arena 11.
  1375 | D        | Noticed an ironbound preserver
  1375 | D        | Noticed an ironbound preserver
  1375 | D        | Noticed a vault guard
  1375 | D        | Noticed a vault guard
  1377 | D        | Found a transporter.
  1384 | D        | Reached skill level 10 in Transmutations
  1396 | D        | HP: 5/237 [vault guard/+3 halberd (13)]
  1397 | D        | Killed an ironbound preserver
  1397 | D        | Mangled by a vault guard

Illustrated notes

Levels and vault maps discovered:
D:        sprint_v [room_start, room_1, room_2, room_3, room_4, room_5, room_6,
          room_7, room_8, room_9, room_10, room_11, room_12, room_13, room_14,
          room_15, room_16, room_17, room_18, room_19, room_20, room_21,
          room_22, room_23, room_24, room_25, room_26, room_27]

Skill      XL: |  1  2  3  4  5  6  7  8  9 10 11 |
---------------+----------------------------------+-----
Fighting       | 6 8 9 10 11 13 15 | 15.0
Unarmed Combat | 5 6 7 8 9 10 12 | 12.1
Spellcasting   | 4 5 6 |  6.0
Transmutations | 3 4 5 6 8 9 10 | 10.3
Ice Magic      | 2 3 4 5 |  5.2
Evocations     | 2 3 5 6 |  6.0
Dodging        | 2 4 7 8 |  8.8
Air Magic      | 4 5 7 |  7.8
Translocations | 4 |  4.0

Action                     |  1- 3 |  4- 6 |  7- 9 | 10-12 || total
---------------------------+-------+-------+-------+-------++-------
  Melee: Unarmed           |    12 |    14 |    54 |    51 ||   131
         Kick              |     2 |       |       |       ||     2
         Punch             |     1 |       |       |       ||     1
   Cast: Wereblood         |     1 |     3 |     5 |     2 ||    11
         Beastly Appendage |     1 |       |       |       ||     1
         Ice Form          |       |     2 |     4 |     2 ||     8
         Blink             |       |       |     1 |       ||     1
 Invoke: Heavenly Storm    |       |       |     1 |     2 ||     3
Ability: Lunge             |       |     2 |     5 |     2 ||     9
         Whirlwind         |       |     4 |    32 |    31 ||    67
         Wall Jump         |       |     1 |       |     5 ||     6
  Evoke: Wand              |     1 |     1 |     1 |       ||     3
         Lightning rod     |       |       |     3 |       ||     3
         Box of beasts     |       |       |     1 |     1 ||     2
         Tin of tremorston |       |       |     2 |       ||     2
    Use: Potion            |     2 |     4 |    10 |     8 ||    24
         Scroll            |     1 |       |     1 |     3 ||     5
   Stab: Invisible         |       |     1 |       |       ||     1
         Confused          |       |       |     1 |       ||     1
 Armour: Robe              |     3 |       |       |       ||     3
         Skin              |       |     5 |    35 |     7 ||    47
  Dodge: Dodged            |     7 |     9 |    39 |    37 ||    92
  Block: Other             |       |       |       |    13 ||    13

Table legend: (Time is in decaauts)
 A = Elapsed time spent in this place.
 B = Non-inter-level travel time spent in this place.
 C = Inter-level travel time spent in this place.
 D = Time resting spent in this place.
 E = Time spent auto-exploring this place.
 F = Levels seen in this place.
 G = Mean time per level.
                   A        B        C        D        E       F      G
               +--------+--------+--------+--------+--------+-----+--------+
         Total |   1377 |   1377 |      0 |     19 |    973 |   1 | 1377.0 |
       Dungeon |   1377 |   1377 |      0 |     19 |    973 |   1 | 1377.0 |
               +--------+--------+--------+--------+--------+-----+--------+

Top non-repeatable levels by time:
       D: 1377 daAuts
